 Dungeon Crawl Stone Soup version 0.27-a0-488-g88baaf19db (webtiles) character file.

Game seed: 5682054336482123334

410 sanka the Covert (level 6, -5/34 HPs)
             Began as a Vampire Enchanter on Mar 1, 2021.
             Was a Follower of Uskayaw.
             Shot with a sling bullet by a hobgoblin (8 damage)
             ... on level 3 of the Dungeon.
             The game lasted 00:09:35 (4498 turns).

sanka the Covert (Vampire Enchanter)                Turns: 4498, Time: 00:09:35

Health: -5/34      AC:  2    Str:  7    XL:     6   Next: 58%
Magic:  9/9        EV: 13    Int: 17    God:    Uskayaw [*.....]
Gold:   278        SH:  0    Dex: 17    Spells: 3/9 levels left

rFire    . . .     SeeInvis +   a - +1 dagger
rCold    + + .     Faith    .   (no shield)
rNeg     + + +     Spirit   .   b - +0 robe
rPois    ∞         Reflect  .   (no helmet)
rElec    .         Harm     .   (no cloak)
rCorr    .         Rampage  .   (no gloves)
Will     .....                  (no boots)
Stlth    ++++++....             p - amulet of magic regeneration
HPRegen  0.00/turn              (no ring)
MPRegen  0.36/turn              (no ring)

@: bloodless
A: fangs 3, see invisible, unbreathing
a: Bat Form, Revivify, Renounce Religion, Stomp


You were on level 3 of the Dungeon.
You worshipped Uskayaw.
Uskayaw was noncommittal.
You visited 1 branch of the dungeon, and saw 3 of its levels.

You collected 278 gold pieces.


Innate Abilities, Weirdness & Mutations

You do not regenerate when monsters are visible.
You are frail without blood (-20% HP).
You can heal yourself when you bite living creatures.
You are immune to poison.
You have razor-sharp teeth.
You have supernaturally acute eyesight. (SInv)
You can survive without breathing.


   Skills:
 + Level 1.3 Fighting
 - Level 1.1 Short Blades
 + Level 3.0 Dodging
 - Level 8.0 Stealth
 - Level 2.0 Spellcasting
 - Level 8.0 Hexes


You had 3 spell levels left.
You knew the following spells:

 Your Spells              Type           Power        Failure   Level
z - Ensorcelled Hibernat  Hex/Ice        30%          5%          2
X - Confusing Touch       Hex            28%          2%          3
Z - Corona                Hex            31%          1%          1

Your spell library contained the following spells:

 Spells                   Type           Power        Failure   Level
 Tukima's Dance           Hex            28%          2%          3
 Dazzling Flash           Conj/Hex       30%          11%         3

Inventory:

Hand Weapons
 a - a +1 dagger (weapon)
Armour
 b - a +0 robe (worn)
Jewellery
 p - an amulet of magic regeneration (around neck)
Scrolls
 c - 4 scrolls of identify {unknown}
 e - a scroll of enchant armour {unknown}
 g - 3 scrolls of enchant weapon {unknown}
 h - a scroll of amnesia {unknown}
 k - a scroll of fear {unknown}
 l - 4 scrolls of teleportation {unknown}
Potions
 d - 3 potions of invisibility {unknown}
 f - 2 potions of flight {unknown}
 i - a potion of heal wounds {unknown}
 j - a potion of degeneration {unknown}
 m - a potion of berserk rage {unknown}
 n - a potion of resistance {unknown}
 o - a potion of lignification {unknown}
 q - a potion of mutation {unknown}

Dungeon Overview and Level Annotations

Branches:
Dungeon (3/15)

Altars:
Elyvilon
Hepliaklqana
Kikubaaqudgha
Makhleb
Uskayaw
Yredelemnul
The Shining One

.▒ ▒≈.▒.▒.▒)▒.▒.▒.▒.▒.≈▒ .▒
▒##.▒.▒.▒)▒.▒.▒.▒..≈▒ .▒
▒≈.▒.▒.▒.▒.▒.▒.▒.▒.#▒▒▒▒▒▒▒ .▒
▒≈▒...▒..)▒...▒..#▒≈▒..▒▒.. .▒▒
▒≈#▒)▒.▒.▒.▒)▒.▒.▒≈≈▒▒..... ..▒▒
▒▒▒≈≈▒...▒)▒.▒)..▒#≈▒▒▒▒▒▒.▒
...▒▒▒.▒▒≈≈▒.▒.▒.▒.▒.▒≈≈▒▒▒ ▒..
.......▒▒▒≈≈▒...▒...▒≈≈▒▒.▒ ▒.▒
.▒▒▒▒▒▒▒ ▒▒≈≈▒.▒V▒.▒≈≈▒▒▒.▒ ▒.▒
.▒ ▒▒≈≈▒...▒≈≈▒▒▒▒.▒ ▒.▒ .▒
▒▒≈≈...≈#▒▒.▒▒.▒ ▒.. '▒▒
▒▒▒)g'▒▒▒▒.▒▒.▒ ▒▒▒
..▒▒▒▒▒▒▒▒▒▒▒▒▒...........▒▒▒▒▒▒▒
...................).g...........
................gg...............
≈≈.≈≈≈≈.≈.≈.≈≈≈.....≈.≈.≈.≈≈..≈≈.
≈≈≈≈≈≈≈≈≈≈≈≈≈≈≈.g...≈≈≈≈≈≈≈≈≈≈≈≈≈


You could see 2 hobgoblins and a goblin.


Message History

The hobgoblin shoots a sling bullet.
The sling bullet closely misses you. The goblin hits you but does no damage.
A gnoll comes into view. It is wielding a +0 club.
The hobgoblin unwields a +0 hunting sling.
The hobgoblin hits you.
* * * LOW HITPOINT WARNING * * *
There is an open door here.
Things that are here:
a +0 hunting sling; 20 stones; a goblin corpse The gnoll hits you from afar with a +0 spear.
* * * LOW HITPOINT WARNING * * *
You see here a +0 spear.
There is an open door, spattered with blood here.
Items here: ))) †.
You see here a +0 flail.
You see here a +0 club.
You see here a +0 club.
The hobgoblin wields a +0 hunting sling.
The hobgoblin shoots a sling bullet.
The sling bullet misses you.
There is a large open door here.
The hobgoblin shoots a sling bullet.
The sling bullet hits you!
* * * LOW HITPOINT WARNING * * *
There is an open gate here.
You see here a +0 club.
The hobgoblin shoots a sling bullet.
The sling bullet hits you!
You die...

Action                   |  1- 3 |  4- 6 || total
-------------------------+-------+-------++-------
Melee: Dagger            |    77 |   133 ||   210
       Bite              |     5 |     7 ||    12
 Cast: Ensorcelled Hiber |    11 |    90 ||   101
       Corona            |     2 |       ||     2
 Abil: Exsanguinate      |     1 |       ||     1
 Stab: Sleeping          |    28 |    77 ||   105
       Distracted        |     1 |     3 ||     4
Armor: Robe              |     7 |     9 ||    16
Dodge: Dodged            |    44 |   108 ||   152

Levels and vault maps discovered:
D:1:      lightli_arrival_statuegarden, layout_loops_corners,
          serial_bayou_pond_a, minmay_small_reverse_x
D:2:      layout_basic, eat_drink_and_be_merry_uskayaw, lemuel_crystal_altar
D:3:      minmay_goblin_kobold_castle, layout_loops_corners,
          kiku_gazebo_pond_becter, nzn_hepliaklqana_mist_gate,
          grunt_temple_overflow_holy_war, kennysheep_cluttered_room,
          makhleb_heckhound_becter

Notes
Turn   | Place    | Note
-------+----------+-------------------------------------------
     0 | D:1      | sanka the Vampire Enchanter began the quest for the Orb.
     0 | D:1      | Reached XP level 1. HP: 13/13 MP: 3/3
   213 | D:1      | Reached skill level 5 in Stealth
   303 | D:1      | Reached XP level 2. HP: 15/15 MP: 5/5
   420 | D:1      | Learned a level 2 spell: Ensorcelled Hibernation
   699 | D:1      | Reached skill level 6 in Stealth
  1039 | D:2      | Found a white marble altar of Elyvilon.
  1052 | D:2      | Reached XP level 3. HP: 19/19 MP: 1/6
  1320 | D:2      | Reached skill level 7 in Stealth
  1539 | D:2      | Reached XP level 4. HP: 24/24 MP: 7/7
  1547 | D:2      | Found a hide-covered altar of Uskayaw.
  1619 | D:2      | Reached skill level 8 in Stealth
  1623 | D:2      | Learned a level 3 spell: Confusing Touch
  1640 | D:2      | Became a worshipper of Uskayaw the Reveller
  1746 | D:2      | Reached * piety under Uskayaw
  1747 | D:2      | Reached skill level 5 in Hexes
  2483 | D:3      | Found an ancient bone altar of Kikubaaqudgha.
  2764 | D:3      | Reached ** piety under Uskayaw
  2775 | D:3      | Reached XP level 5. HP: 27/28 MP: 1/8
  2862 | D:3      | Reached skill level 6 in Hexes
  2956 | D:3      | Found a basalt altar of Yredelemnul.
  2958 | D:3      | Noticed a profane servitor
  2987 | D:3      | Found a glowing golden altar of the Shining One.
  3065 | D:3      | Found a burning altar of Makhleb.
  3074 | D:3      | Reached skill level 7 in Hexes
  3101 | D:3      | Found a hazy altar of Hepliaklqana.
  3465 | D:3      | Reached XP level 6. HP: 32/32 MP: 5/9
  3529 | D:3      | Reached skill level 8 in Hexes
  3906 | D:3      | Reached skill level 1 in Fighting
  4410 | D:3      | Reached skill level 3 in Dodging
  4489 | D:3      | HP: 3/34 [hobgoblin/sling bullet (8)]
  4498 | D:3      | Shot with a sling bullet by a hobgoblin

Vanquished Creatures
  A hound (D:3)
  2 orc priests (D:3)
  An iguana (D:3)
  8 gnolls (D:3)
  7 adders
  3 worms
  2 dart slugs
  2 leopard geckos
  7 orcs (D:3)
  4 giant cockroaches
  24 goblins
  21 hobgoblins
  8 jackals
  4 quokkas
  2 ball pythons
  6 bats
  6 frilled lizards
  13 kobolds
  9 rats
130 creatures vanquished.

Vanquished Creatures (others)
  A bat (D:3)
1 creature vanquished.

Grand Total: 131 creatures vanquished
